 Dungeon Crawl Stone Soup version 0.20-a0-513-g02c11fc (webtiles) character file.

245 Kaname the Charmwright (level 5, 0/41 HPs)
             Began as a Demonspawn Skald on Jan 23, 2017.
             Killed by nerve-wracking pain
             ... invoked by a shadow imp
              (4 damage)
             ... in a sewer.
             The game lasted 00:09:33 (2631 turns).

Kaname the Charmwright (Demonspawn Skald)           Turns: 2631, Time: 00:09:33

Health: 0/41       AC:  4    Str: 11    XL:     5   Next: 83%
Magic:  8/8        EV: 12    Int: 15    God:
Gold:   140        SH:  0    Dex: 13    Spells: 3/8 levels left

rFire    . . .     SeeInvis .   h - +0 short sword (venom)
rCold    . . .     Gourm    .   b - +1 leather armour
rNeg     . . .     Faith    .   (no shield)
rPois    .         Spirit   .   (no helmet)
rElec    .         Reflect  .   (no cloak)
rCorr    .         Harm     .   (no gloves)
MR       .....                  (no boots)
Stlth    +.........             (no amulet)
Regen    0.2/turn               (no ring)
                                (no ring)

@: no status effects
A: claws 2, demonic guardian 1
a: no special abilities


You were in a sewer.
You were hungry.

You visited 1 branch of the dungeon, and saw 3 of its levels.
You also visited: Sewer.

You collected 140 gold pieces.

Inventory:

Hand Weapons
 a - a +0 spear
 h - a +0 short sword of venom (weapon)
Armour
 b - a +1 leather armour (worn)
Scrolls
 e - a scroll of enchant armour
 g - a scroll of enchant weapon
 j - a scroll of fog
 o - a scroll of fear {unknown}
Potions
 k - a potion of degeneration {unknown}
 m - a potion of resistance {unknown}
Books
 c - a book of Battle

   Spells                             Type                      Level
   a - Infusion                       Charms                       1
   b - Shroud of Golubria             Charms/Translocation         2
   c - Song of Slaying                Charms                       2
   d - Spectral Weapon                Hexes/Charms                 3
   e - Regeneration                   Charms/Necromancy            3
Comestibles
 d - 2 bread rations
 f - 4 meat rations
 i - 2 chunks of flesh
 p - a royal jelly


   Skills:
 + Level 3.2 Fighting
 - Level 4.0 Polearms
 - Level 0.8 Armour
 - Level 1.7 Dodging
 - Level 2.0 Spellcasting
 - Level 4.1 Charms


You had 3 spell levels left.
You knew the following spells:

 Your Spells              Type           Power        Failure   Level  Hunger
a - Infusion              Chrm           ##..         6%          1    #......
b - Song of Slaying       Chrm           ##......     10%         2    ###....
c - Shroud of Golubria    Chrm/Tloc      #.........   21%         2    ###....


Dungeon Overview and Level Annotations

Branches:
Dungeon (3/15)

Altars:
Hepliaklqana
Kikubaaqudgha
Xom


Innate Abilities, Weirdness & Mutations

You have very sharp fingernails.
A weak demonic guardian rushes to your aid.


Message History

Your quasit barely misses the big kobold. x2
Your quasit closely misses the big kobold.
The big kobold hits your ufetubus with a club.
Your ufetubus dies!
The big kobold shouts!
Something shouts, "Back with thee, thou hateful tardy-gaited nert!"
Your quasit bites the big kobold.
Your quasit closely misses the big kobold.
Your quasit claws the big kobold but does no damage.
Your quasit bites the big kobold but does no damage.
Your quasit closely misses the big kobold.
Your quasit claws the big kobold.
You are feeling hungry.
Your quasit bites the big kobold but does no damage.
Your quasit misses the big kobold.
Your quasit claws the big kobold but does no damage.
Unknown command.
The shadow imp gestures at you. Pain shoots through your body!
You die...

##5###### #≈≈.'.≈≈≈
#.)≈≈ #.≈≈≈ #.≈≈≈ #+++#
# #..≈≈ #### ##...###≈≈
#...≈ ###...##5.§..###.
###.#
##!..≈.@.§K5...#...#≈≈.≈
∩?:.§§§'.†._.§.Z..≈≈≈≈≈.
##!.§≈§'.§.....#..≈#≈≈.≈
###§§§##()§..###.####.#
#### ##().###≈≈.#...≈
#+++# #≈≈.#..≈≈
#≈≈.#.≈≈≈ #≈5.#.≈≈≈
#≈≈.#.≈≈≈


You could see a big kobold, a shadow imp and a friendly quasit.

Vanquished Creatures
  A big kobold (Sewer)
  A big kobold zombie (Sewer)
  5 adders
  A gnoll (D:1)
  A river rat (D:3)
  A shadow imp (Sewer)
  An ufetubus (Sewer)
  An ooze (Sewer)
  3 worms
  2 dart slugs (D:1)
  2 leopard geckos (D:1)
  7 giant cockroaches
  5 hobgoblins
  21 kobolds
  3 ball pythons
  7 bats
  2 frilled lizards (D:1)
  A giant cockroach zombie (Sewer)
  5 goblins
  2 kobold zombies (Sewer)
  10 rats
82 creatures vanquished.

Vanquished Creatures (others)
  A giant cockroach zombie (Sewer)
1 creature vanquished.

Grand Total: 83 creatures vanquished

Notes
Turn   | Place    | Note
-------+----------+-------------------------------------------
     0 | D:1      | Kaname the Demonspawn Skald began the quest for the Orb.
     0 | D:1      | Reached XP level 1. HP: 16/16 MP: 3/3
   369 | D:1      | Gained mutation: You have sharp fingernails. [demonic ancestry]
   369 | D:1      | Reached XP level 2. HP: 22/22 MP: 5/5
   373 | D:1      | Learned a level 2 spell: Song of Slaying
   376 | D:1      | Learned a level 2 spell: Shroud of Golubria
   662 | D:1      | Gained mutation: A weak demonic guardian rushes to your aid. [demonic ancestry]
   662 | D:1      | Reached XP level 3. HP: 27/27 MP: 6/6
  1606 | D:2      | Found a hazy altar of Hepliaklqana.
  1607 | D:2      | Found a shimmering altar of Xom.
  1607 | D:2      | Noticed a hell beast
  1608 | D:2      | Noticed a hell beast
  1608 | D:2      | Noticed a spectral ugly thing
  1621 | D:2      | Reached XP level 4. HP: 33/33 MP: 3/7
  1634 | D:2      | Found an ancient bone altar of Kikubaaqudgha.
  2216 | D:3      | Gained mutation: You have an increased reservoir of magic. (+10% MP) [potion of mutation]
  2216 | D:3      | Gained mutation: You are occasionally teleported next to monsters. [potion of mutation]
  2216 | D:3      | Gained mutation: You have a pair of small horns on your head. [potion of mutation]
  2231 | D:3      | Found a glowing drain.
  2235 | Sewer    | Entered a sewer
  2468 | Sewer    | Gained mutation: You have very sharp fingernails. [demonic ancestry]
  2468 | Sewer    | Reached XP level 5. HP: 34/38 MP: 8/8
  2585 | Sewer    | Found a burning altar of Makhleb.
  2616 | Sewer    | HP: 2/41 [shadow imp/nerve-wracking pain (6)]
  2625 | Sewer    | Lost mutation: You have a pair of small horns on your head. [potion of cure mutation]
  2625 | Sewer    | Lost mutation: You are occasionally teleported next to monsters. [potion of cure mutation]
  2625 | Sewer    | Lost mutation: You have an increased reservoir of magic. (+10% MP) [potion of cure mutation]
  2631 | Sewer    | Killed from afar by a shadow imp

Vault maps used:
D:1:      lightli_arrival_lavapool
D:2:      regret_index_temple_of_mockery, kiku_gazebo_garden_becter
D:3:      gup_sewer_entry_spiral, supply_closet_lemuel
Sewer:    kennysheep_sewer_church

Skill      XL: |  1  2  3  4  5 |
---------------+----------------+-----
Polearms       | 2 3 4 |  4.0
Charms         | 3 4 |  4.1
Fighting       | 3 |  3.2
Armour         | |  0.8
Dodging        | |  1.7
Spellcasting   | |  2.0

Action                   |  1- 3 |  4- 6 || total
-------------------------+-------+-------++-------
Melee: Spear             |   167 |    98 ||   265
       Short sword       |       |    61 ||    61
       Headbutt          |       |    16 ||    16
 Cast: Infusion          |     6 |     4 ||    10
       Song of Slaying   |       |     1 ||     1
  Use: Scroll            |       |     4 ||     4
       Potion            |       |     4 ||     4
 Stab: Sleeping          |     1 |     1 ||     2
  Eat: Chunk             |     2 |     4 ||     6
Armor: Leather armour    |    35 |    38 ||    73
Dodge: Dodged            |    67 |    94 ||   161
